 Dungeon Crawl Stone Soup version 0.29.1-15-g9cfb28693d (webtiles) character file.

Game seed: 9891252899349188171

24 Mickster the Cudgeller (level 2, -1/29 HPs)
             Began as a Troll Berserker on Feb 21, 2023.
             Was a Follower of Trog.
             Slain by an adder (3 damage)
             ... on level 2 of the Dungeon.
             The game lasted 00:11:33 (1411 turns).

Mickster the Cudgeller (Troll Berserker)            Turns: 1411, Time: 00:11:33

Health: -1/29      AC:  4    Str: 21 (23) XL:     2   Next: 79%
Magic:  1/1        EV: 10    Int:  1 (2)  God:    Trog [*.....]
Gold:   31         SH:  0    Dex: 12 (13) Spells: 1/1 levels left

rFire   . . .      SeeInvis .   a - +1 mace
rCold   . . .      Faith    .   (no shield)
rNeg    . . .      Spirit   .   b - +0 animal skin
rPois   .          Reflect  .   (helmet restricted)
rElec   .          Harm     .   (no cloak)
rCorr   .          Rampage  .   (gloves unavailable)
Will    .....                   (boots unavailable)
Stlth   +.........              (no amulet)
HPRegen 0.89/turn               (no ring)
MPRegen 0.07/turn               (no ring)

@: lethally poisoned (-1 -> -3)
A: large, unfitting armour, claws 3, regeneration 1, shaggy fur 1, tough skin 1,
hooves 1, agile 1
a: Renounce Religion, Berserk


You were on level 2 of the Dungeon.
You worshipped Trog.
Trog was aware of your devotion.
You visited 1 branch of the dungeon, and saw 2 of its levels.

You collected 31 gold pieces.

Inventory:

Hand Weapons
 a - a +1 mace (weapon)
 f - a +0 sling
Missiles
 c - 4 javelins
 g - 22 stones
 h - 3 large rocks (quivered)
Armour
 b - a +0 animal skin (worn)
 e - a +0 pair of gloves
Scrolls
 d - a scroll of enchant weapon
 i - a scroll of vulnerability {unknown}


   Skills:
 + Level 2.6 Fighting
 * Level 3.3 Maces & Flails
 + Level 2.6 Dodging


You had one spell level left.
You didn't know any spells.
Your spell library was empty.

Dungeon Overview and Level Annotations

Branches:
Dungeon (2/15)

Altars:

Annotations:
D:2 Robin


Innate Abilities, Weirdness & Mutations

You are too large for most types of armour.
You have claws for hands.
Your natural rate of healing is unusually fast.
You are covered in fur. (AC +1)
You have tough skin. (AC +1)
You have large cloven feet.
You are agile. (Dex +4, Str/Int -1)


Message History

Robin throws the goblin at you!
The goblin shouts!
The frilled lizard hisses angrily.
You hit the adder.
The adder is almost dead.
You feel sick.
You hear a shout! x2
The adder bites you but does no damage. The bat hits you. The adder bites you.
You are more poisoned.
The adder poisons you! The goblin hits you but does no damage.
The adder closely misses you. x2
You miss the adder.
The adder is almost dead.
You feel sick. The adder bites you but does no damage.
A goblin comes into view. It is wielding a +0 dagger.
The goblin hits you with a +0 club. The adder bites you but does no damage.
The adder closely misses you. The adder bites you but does no damage.
The goblin hits you but does no damage.
The goblin moves out of view.
You barely miss the adder. Your kick misses the adder.
You feel sick.
The adder bites you but does no damage. x2; The adder barely misses you.
The adder bites you but does no damage. The adder bites you.
The goblin hits you with a +0 club.
You hit the adder.
The adder is heavily wounded.
You feel sick. The adder barely misses you.
The adder bites you but does no damage. The adder bites you.
The goblin hits you but does no damage. The adder bites you but does no damage.
The adder barely misses you.
You hit the adder.
You kill the adder!
Trog accepts your kill.
You feel sick. The adder bites you.
* * * LOW HITPOINT WARNING * * *
The goblin hits you with a +0 club.
* * * LOW HITPOINT WARNING * * *
The adder bites you.
* * * LOW HITPOINT WARNING * * *
You are lethally poisoned!
The adder poisons you! The adder bites you.
You die...

#.#..) ....[
##.#.#. .....
....... #g..#
.......###ggg##
..........gKg..
........gblg#
.....[?.gSSg#
.......gl@#
##.....<###
#....###......#
.... ......#
... .....>$ ..
......# .
....... ......#
......#


You could see Robin, 2 adders, 3 hobgoblins, 7 goblins, a bat, a kobold and 2
frilled lizards.

Vanquished Creatures
  An adder (D:2)
  2 endoplasms
  A giant cockroach (D:1)
  2 goblins (D:1)
  3 hobgoblins (D:1)
  3 kobolds (D:1)
  2 quokkas (D:1)
  3 ball pythons (D:1)
  2 bats (D:1)
  3 rats (D:1)
22 creatures vanquished.

Vanquished Creatures (others)
  4 toadstools (D:1)
4 creatures vanquished.

Grand Total: 26 creatures vanquished

Notes
Turn   | Place    | Note
-------+----------+-------------------------------------------
     0 | D:1      | Mickster the Troll Berserker began the quest for the Orb.
     0 | D:1      | Reached XP level 1. HP: 22/22 MP: 0/0
   339 | D:1      | Reached XP level 2. HP: 29/29 MP: 1/1
   490 | D:1      | Reached skill level 3 in Maces & Flails
   903 | D:1      | Gained mutation: You are agile. (Dex +4, Str/Int -1)
                  | [potion of mutation]
   903 | D:1      | Gained mutation: You have large cloven feet. [potion of
                  | mutation]
  1405 | D:2      | Noticed Robin
  1411 | D:2      | Slain by an adder

Illustrated notes

Levels and vault maps discovered:
D:1:      ldierk_walled_garden_2, layout_basic
D:2:      layout_rooms, uniq_jessica, uniq_robin

Skill      XL: |  1  2 |
---------------+-------+-----
Maces & Flails | 3 |  3.3
Fighting       | |  2.6
Dodging        | |  2.6

Action                   || total
-------------------------++-------
Melee: Mace              ||    78
       Kick              ||     1
       Punch             ||     1
  Use: Scroll            ||     4
       Potion            ||     3
Armor: Animal skin       ||    48
Dodge: Dodged            ||    44
